 Dungeon Crawl Stone Soup version 0.31.0-11-ge490571c62 (webtiles) character file.

Game seed: 12445566927377329155

21 qw the Shooter (level 2, 0/14 HPs)
             Began as a Spriggan Hunter on Feb 5, 2024.
             Succumbed to their own poison gas
             ... on level 1 of the Dungeon.
             The game lasted 00:00:02 (550 turns).

qw the Shooter (Spriggan Hunter)                     Turns: 550, Time: 00:00:02

Health: 0/14       AC:  2    Str:  7    XL:     2   Next: 65%
Magic:  3/3        EV: 19    Int: 10    God:
Gold:   13         SH:  0    Dex: 18    Spells: 1/1 levels left

rFire   + . .        a - +0 shortbow
rCold   . . .        (shield currently unavailable)
rNeg    . . .        c - +0 robe
rPois   .            (helmet restricted)
rElec   .            (no cloak)
rCorr   .            (gloves unavailable)
SInv    +            (boots unavailable)
Will    .....        (no amulet)
Stlth   ++           g - ring of protection from fire
HPRegen 0.22/turn    (no ring)
MPRegen 0.08/turn

%: no passive effects
@: lethally poisoned (0 -> -9), very quick
A: very small, no large weapons, unfitting armour, see invisible, speed 3
a: no special abilities


You were on level 1 of the Dungeon.
You visited 1 branch of the dungeon, and saw 1 of its levels.

You collected 13 gold pieces.


Innate Abilities, Weirdness & Mutations

You are very small and have problems with some larger weapons.
You are too small for most types of armour.
You have supernaturally acute eyesight. (SInv)
You cover ground extremely quickly. (Speed+++)


   Skills:
 - Level 1.5 Fighting
 + Level 4.2 Ranged Weapons
 - Level 4.0 Dodging
 - Level 1.5 Stealth


You had one spell level left.
You didn't know any spells.
Your spell library was empty.

Inventory:

Hand Weapons
 a - a +0 shortbow (weapon)
Armour
 c - a +0 robe (worn)
Jewellery
 g - a ring of protection from fire (left hand)
Scrolls
 f - a scroll of identify

Dungeon Overview and Level Annotations

Branches:
Dungeon (1/15)

Altars:


Message History

Done exploring.
542 ||| READING scroll labelled MUKHA ZYVVUI.
The air fills with toxic fumes!
As you read the scroll labelled MUKHA ZYVVUI, it crumbles to dust.
It was a scroll of poison.
Done exploring.
543 ||| READING scroll labelled WIMEGABYUMNEUN.
As you read the scroll labelled WIMEGABYUMNEUN, it dissolves into smoke.
It was a scroll of fog.
Done exploring.
544 ||| READING 2 scrolls labelled KUGUFA DAPH.
As you read the scroll labelled KUGUFA DAPH, it crumbles to dust.
It is a scroll of identify.
You don't currently have any unidentified items.
Done exploring.
545 ||| DROPPING scroll of butterflies.
You drop a scroll of butterflies.
Done exploring.
What level of the Dungeon? (default 1, ? - help) Sorry, I don't know how to get there.
Enter note:
Enter note:
Enter note:
Enter note:
Enter note:
Enter note:
Enter note:
Enter note:
Enter note: You are engulfed in poison gas.
You are lethally poisoned!
You feel very sick.
547 ||| Stepping ~*~*~tactically~*~*~ (cloud).
You feel very sick.
You see here a scroll of butterflies.
There is a lethal amount of poison in your body!
You feel very sick.
There is a lethal amount of poison in your body!
You feel very sick.
There is a lethal amount of poison in your body!
You die...

##### ##0..#
#¤0#.# #0##.#
####¤##.#
#¤¤0@#..#
#¤####..# #.#
#...#
#.###..?#
#.##....#
#.##....#
#.##....# ##
#.##....# .#
######.##....#


There were no monsters in sight!

Vanquished Creatures
  4 bats (D:1)
  3 endoplasms (D:1)
  A giant cockroach (D:1)
  3 hobgoblins (D:1)
  A quokka (D:1)
  3 ball pythons (D:1)
  2 frilled lizards (D:1)
  A goblin (D:1)
  A kobold (D:1)
19 creatures vanquished.

Notes
Turn   | Place    | Note
-------+----------+-------------------------------------------
     0 | D:1      | qw the Spriggan Hunter began the quest for the Orb.
     0 | D:1      | Reached XP level 1. HP: 10/10 MP: 2/2
     0 | D:1      | 0 ||| qw: Version: 0.3-a-160-g6735b56
     0 | D:1      | 0 ||| qw: Game counter: 6152
     0 | D:1      | 0 ||| qw: Melee chars always use a shield: true
     0 | D:1      | 0 ||| qw: God list: Okawaru
     0 | D:1      | 0 ||| qw: Allow faded altars: false
     0 | D:1      | 0 ||| qw: Do Orc after clearing Dungeon:15 true
     0 | D:1      | 0 ||| qw: Do second Lair branch before Depths: true
     0 | D:1      | 0 ||| qw: Lair rune preference: random
     0 | D:1      | 0 ||| qw: Goals: Normal
     0 | D:1      | 0 ||| PLANNING D:1-11
    68 | D:1      | Reached skill level 3 in Dodging
   142 | D:1      | Reached XP level 2. HP: 14/14 MP: 3/3
   434 | D:1      | Found a faded altar of an unknown god.
   541 | D:1      | 541 ||| UPGRADING to ring of protection from fire.
   542 | D:1      | 542 ||| READING scroll labelled MUKHA ZYVVUI.
   543 | D:1      | 543 ||| READING scroll labelled WIMEGABYUMNEUN.
   544 | D:1      | 544 ||| READING 2 scrolls labelled KUGUFA DAPH.
   545 | D:1      | 545 ||| DROPPING scroll of butterflies.
   547 | D:1      | 547 ||| Stepping ~*~*~tactically~*~*~ (cloud).
   549 | D:1      | HP: 1/14 [poisoned by you (poison gas)]
   550 | D:1      | Succumbed to their own poison gas

Levels and vault maps discovered:
D:1:      tarquinn_simple_flora_water_c, layout_rooms,
          hellmonk_ecumenical_altar_zigzags

Skill      XL: |  1  2 |
---------------+-------+-----
Dodging        | 3 4 |  4.0
Fighting       | |  1.5
Ranged Weapons | |  4.2
Stealth        | |  1.5

Action                     || total
---------------------------++-------
   Fire: Shortbow          ||    48
    Use: Scroll            ||     3
 Armour: Robe              ||     3
  Dodge: Dodged            ||     9

Table legend:
 A = Non-vault XP
 B = Vault XP
 C = Vault XP percentage of total XP
 D = Non-vault monster count
 E = Vault monster count
 F = Vault count percentage of total count
                 A         B        C        D         E       F
            +---------+---------+-------+---------+---------+-------
      Total |      31 |       0 |   0.0 |      19 |       0 |   0.0
            +---------+---------+-------+---------+---------+-------
        D:1 |      31 |       0 |   0.0 |      19 |       0 |   0.0
            +---------+---------+-------+---------+---------+-------
